 Dungeon Crawl Stone Soup version 0.25.0-11-g1f837a76a1 (webtiles) character file.

Game seed: 4671358968090253197

1437 Flugkiller the Chopper (level 8, -4/76 HPs)
             Began as a Deep Dwarf Fighter on June 24, 2020.
             Was an Initiate of Makhleb.
             Slain by Joseph
             ... wielding a +0 quarterstaff
              (14 damage)
             ... on level 7 of the Dungeon.
             The game lasted 00:02:50 (3319 turns).

Flugkiller the Chopper (Deep Dwarf Fighter)         Turns: 3319, Time: 00:02:51

Health: -4/76      AC: 12    Str: 22    XL:     8   Next: 45%
Magic:  10/10      EV:  8    Int:  9    God:    Makhleb [......]
Gold:   137        SH: 15    Dex: 12    Spells: 7/7 levels left

rFire    . . .     SeeInvis .   a - +1 war axe
rCold    . . .     Gourm    .   c - +0 kite shield
rNeg     . . .     Faith    .   b - +0 scale mail
rPois    .         Spirit   .   v - +0 helmet
rElec    .         Reflect  +   (no cloak)
rCorr    .         Harm     .   x - +2 pair of gloves
MR       +....                  (no boots)
Stlth    ..........             k - amulet of reflection
HPRegen  0.00/turn              n - ring of attention
MPRegen  0.12/turn              (no ring)

@: non-regenerating
A: damage resistance, heal wounds, sense surroundings 1, no regeneration
a: Heal Wounds, Renounce Religion


You were on level 7 of the Dungeon.
You worshipped Makhleb.
Makhleb was noncommittal.
You were not hungry.

You visited 1 branch of the dungeon, and saw 7 of its levels.

You collected 332 gold pieces.
You spent 195 gold pieces at shops.

Inventory:

Hand Weapons
 a - a +1 war axe (weapon)
Armour
 b - a +0 scale mail (worn)
 c - a +0 kite shield (worn)
 v - a +0 helmet (worn)
   (You found it on level 6 of the Dungeon)
 x - a +2 pair of gloves (worn)
   (You bought it in a shop on level 5 of the Dungeon)
Jewellery
 k - an amulet of reflection (around neck)
   (You found it on level 3 of the Dungeon)
 n - a ring of attention (left hand)
   (You found it on level 2 of the Dungeon)
Scrolls
 f - 2 scrolls of magic mapping
 g - a scroll of fear {unknown}
 m - 3 scrolls of immolation
 o - 2 scrolls of enchant weapon
 p - a scroll of enchant armour
 r - a scroll of identify
 s - a scroll of amnesia {unknown}
 t - 3 scrolls of teleportation
 u - a scroll of fog
 y - a scroll of holy word {unknown}
Potions
 d - 2 potions of might
 h - 3 potions of haste
 i - a potion of stabbing
 j - a potion of flight {unknown}
 l - 2 potions of berserk rage
 q - 3 potions of curing
 w - a potion of heal wounds
Comestibles
 e - 8 rations
 z - a chunk of flesh


   Skills:
 * Level 6.0 Fighting
 * Level 6.9 Axes
 + Level 5.5 Armour
 + Level 5.5 Shields
 + Level 2.7 Invocations


You had 7 spell levels left.
You didn't know any spells.
Your spell library was empty.

Dungeon Overview and Level Annotations

Branches:
Dungeon (7/15)             Temple (0/1) D:5

Altars:
Ashenzari
Cheibriados
Dithmenos
Elyvilon
Makhleb
Qazlal
Trog
Yredelemnul
Zin
Beogh

Shops:
D:5 [   D:6 [

Annotations:
D:7 Joseph


Innate Abilities, Weirdness & Mutations

You are resistant to damage.
You can heal yourself by infusing magical energy.
You passively map a small area around you.
You do not regenerate.


Message History

Joseph is moderately wounded.
You block Joseph's attack.
You closely miss Joseph.
Joseph is moderately wounded.
Joseph hits you with a +0 quarterstaff!
A water moccasin comes into view.
Joseph hits you with a +0 quarterstaff.
The water moccasin hisses angrily.
You slash Joseph!
Joseph is heavily wounded.
Joseph hits you with a +0 quarterstaff!
You are too injured to fight recklessly!
You are too injured to fight recklessly!
You are too injured to fight recklessly!
You feel much better. You block Joseph's attack.
Joseph hits you with a +0 quarterstaff!!
* * * LOW HITPOINT WARNING * * *
You are too injured to fight recklessly!
You fail to use your ability.
Joseph hits you with a +0 quarterstaff!
You die...

#####.## #..# *
##.# #(#* * #(#
, ** * #(# , **
#.# , *
#######(##### *
,
,.......@....#
*
#######@###...#
, , #S# * .# *
**#.#*** ,* ,
..., , * #.. *
, ##. * * , ..,
, , , * *


You could see Joseph (berserk) and a water moccasin.

Vanquished Creatures
  Prince Ribbit (D:6)
  Menkaure (D:4)
  An ogre (D:5)
  A centaur (D:7)
  A bullfrog (D:6)
  5 wights (D:6)
  A centaur zombie (D:5)
  A crimson imp (D:6)
  A quasit (D:4)
  A hound (D:7)
  A jelly (D:7)
  3 orc priests
  4 orc wizards
  2 iguanas
  A worker ant (D:6)
  A hound zombie (D:5)
  A hound skeleton (D:6)
  A worker ant zombie (D:6)
  7 gnolls
  5 adders
  An ooze (D:5)
  3 worms
  3 dart slugs
  3 leopard geckos
  16 orcs
  5 bats
  7 giant cockroaches
  6 goblins
  3 hobgoblins
  2 quokkas
  A ball python (D:3)
  A frilled lizard (D:5)
  5 kobolds
  A quokka skeleton (D:5)
  9 rats
106 creatures vanquished.

Vanquished Creatures (others)
  A kobold (D:3)
1 creature vanquished.

Grand Total: 107 creatures vanquished

Notes
Turn   | Place    | Note
-------+----------+-------------------------------------------
     0 | D:1      | Flugkiller the Deep Dwarf Fighter began the quest for the
                  | Orb.
     0 | D:1      | Reached XP level 1. HP: 20/20 MP: 1/1
    42 | D:1      | Reached XP level 2. HP: 25/27 MP: 2/2
   149 | D:2      | HP: 1/28 [gnoll/+0 halberd (1)]
   157 | D:1      | Reached XP level 3. HP: 31/34 MP: 3/3
   227 | D:2      | Reached XP level 4. HP: 37/42 MP: 4/4
   232 | D:2      | Found a shattered altar of Ashenzari.
   626 | D:3      | You fall into a shaft and drop 1 floor!
   631 | D:4      | Noticed Menkaure
   639 | D:4      | Killed Menkaure
   639 | D:4      | Reached XP level 5. HP: 21/50 MP: 5/5
   879 | D:4      | Reached XP level 6. HP: 34/57 MP: 6/6
  1072 | D:4      | Found a roughly hewn altar of Beogh.
  1565 | D:5      | Entered Level 5 of the Dungeon
  1570 | D:5      | Reached skill level 5 in Axes
  1718 | D:5      | Reached XP level 7. HP: 55/66 MP: 7/7
  1829 | D:5      | Found a stormy altar of Qazlal.
  1866 | D:5      | Found Gulo Uhu's Antique Armour Emporium.
  1874 | D:5      | Bought a pair of runed gloves for 195 gold pieces
  1881 | D:5      | Found a shadowy altar of Dithmenos.
  1884 | D:5      | Found a white marble altar of Elyvilon.
  1887 | D:5      | Found a bloodstained altar of Trog.
  1896 | D:5      | Reached skill level 5 in Fighting
  1933 | D:5      | Found a glowing silver altar of Zin.
  1934 | D:5      | Found a burning altar of Makhleb.
  1948 | D:5      | Noticed a cacodemon
  1949 | D:5      | Noticed an angel
  1957 | D:5      | Became a worshipper of Makhleb the Destroyer
  2188 | D:5      | Found a bloodstained altar of Trog.
  2269 | D:5      | Found a basalt altar of Yredelemnul.
  2348 | D:5      | Found a staircase to the Ecumenical Temple.
  2511 | D:6      | Found a snail-covered altar of Cheibriados.
  2550 | D:6      | Reached skill level 5 in Armour
  2550 | D:6      | Reached skill level 5 in Shields
  2550 | D:6      | Reached skill level 1 in Invocations
  2597 | D:6      | Found Litodi Usita's Armour Shoppe.
  2828 | D:6      | Reached XP level 8. HP: 68/75 MP: 9/9
  2888 | D:6      | Noticed Prince Ribbit
  2899 | D:6      | Killed Prince Ribbit
  3308 | D:7      | Noticed Joseph
  3319 | D:7      | Slain by Joseph

Illustrated notes

Levels and vault maps discovered:
D:1:      lightli_arrival_isolated_outpost, layout_rooms
D:2:      layout_rooms, marbit_many_paths, first_ration,
          nemelex_spade_bored_becter
D:3:      layout_rooms
D:4:      layout_cave_pods, kennysheep_orc_chapel, uniq_menkaure
D:5:      layout_cave_pools, grunt_temple_overflow_order_and_chaos_2,
          grunt_temple_overflow_open, minmay_temple_entry_nine_rooms,
          basic_altar, serial_shops, shop, palyth_stone_intersect,
          trog_butcher_becter
D:6:      layout_cave_pods, serial_shops, kennysheep_mini_moat,
          cheibriados_altar_1, uniq_prince_ribbit1
D:7:      layout_rooms, nicolae_overflow_crystal_walls, serial_shops,
          shop_statue, grunt_gozag_breadcrumbs, uniq_joseph, uniq_pikel

Skill      XL: |  1  2  3  4  5  6  7  8 |
---------------+-------------------------+-----
Fighting       | 3 4 5 6 |  6.0
Axes           | 3 4 5 6 |  6.9
Armour         | 4 5 |  5.5
Shields        | 4 5 |  5.5
Invocations    | 1 2 |  2.7

Action                   |  1- 3 |  4- 6 |  7- 9 || total
-------------------------+-------+-------+-------++-------
Melee: War axe           |    63 |   145 |   162 ||   370
 Abil: Heal Wounds       |     4 |     5 |     4 ||    13
  Use: Scroll            |       |       |    14 ||    14
       Potion            |       |       |     2 ||     2
  Eat: Chunk             |       |     3 |     3 ||     6
       Ration            |       |       |     1 ||     1
Armor: Scale mail        |    26 |   118 |    49 ||   193
Dodge: Dodged            |    33 |    72 |    42 ||   147
Block: Kite shield       |    50 |   125 |   131 ||   306
       Reflection        |       |     4 |     5 ||     9
